 Dungeon Crawl Stone Soup version 0.26-a0-257-g47e9e61525 (webtiles) character file.

Game seed: 10732054165894881713

67 Infinimo the Magician (level 3, 0/24 HPs)
             Began as a Mummy Earth Elementalist on July 10, 2020.
             Killed from afar by an orc wizard (6 damage)
             ... with a magic dart
             ... on level 3 of the Dungeon.
             The game lasted 00:02:17 (1877 turns).

Infinimo the Magician (Mummy Earth Elementalist)    Turns: 1877, Time: 00:02:17

Health: 0/24       AC:  2    Str: 11    XL:     3   Next: 98%
Magic:  4/8        EV: 12    Int: 15    God:
Gold:   41         SH:  0    Dex: 12    Spells: 8/9 levels left

rFire    x . .     SeeInvis .   a - +2 short sword (vamp)
rCold    + . .     Faith    .   (no shield)
rNeg     + + +     Spirit   .   c - +0 robe
rPois    ∞         Reflect  .   (no helmet)
rElec    .         Harm     .   (no cloak)
rCorr    .                      (no gloves)
MR       .....                  (no boots)
Stlth    ++........             (no amulet)
HPRegen  0.08/turn              (no ring)
MPRegen  0.11/turn              (no ring)

@: no status effects
A: no food or potions, fire vulnerability, cold resistance 1, negative energy
resistance 3, torment resistance, unbreathing
a: no special abilities


You were on level 3 of the Dungeon.
You were not hungry.

You visited 1 branch of the dungeon, and saw 3 of its levels.

You collected 41 gold pieces.

Inventory:

Hand Weapons
 a - a +2 vampiric short sword (weapon)
Missiles
 b - 70 stones (quivered)
Armour
 c - a +0 robe (worn)
Wands
 f - a wand of clouds (7)


   Skills:
 - Level 1.5 Dodging
 - Level 1.5 Stealth
 + Level 3.7 Spellcasting
   Level 0.7 Transmutations
 * Level 3.6 Earth Magic


You had 8 spell levels left.
You knew the following spells:

 Your Spells              Type           Power        Failure   Level
a - Sandblast             Erth           ##....       4%          1

Your spell library contained the following spells:

 Spells                   Type           Power        Failure   Level
 Passwall                 Tmut/Erth      #.......     12%         2
 Stone Arrow              Conj/Erth      #.....       26%         3
 Petrify                  Tmut/Erth      #.......     58%         4
 Lee's Rapid Deconstruct  Erth           ##........   75%         5


Dungeon Overview and Level Annotations

Branches:
Dungeon (2/15)

Altars:
Ashenzari
Vehumet


Innate Abilities, Weirdness & Mutations

You do not eat or drink.
Your flesh is vulnerable to fire.
You are immune to poison.
Your flesh is cold resistant. (rC+)
You are immune to negative energy. (rN+++)
You are immune to unholy pain and torment.
You can survive without breathing.


Message History

As you read the scroll labeled OFFANN ARAT, it crumbles to dust.
It is a scroll of identify.
e - a scroll of fear The orc wizard hits you with a +0 dagger.
* * * LOW HITPOINT WARNING * * *
As you read the scroll of fear, it crumbles to dust.
You assume a fearsome visage.
The orc looks frightened! x2
The orc wizard looks frightened!
The orc wizard casts a spell.
The orc wizard flickers and vanishes!
Deactivating autopickup; reactivate with Ctrl-A.
You hear some strange, mumbled words.
Something tries to affect you, but you resist.
You hear some strange, mumbled words.
Something tries to affect you, but you resist.
Your magical contamination has completely faded away.
A rat comes into view.
A magic dart appears from out of thin air!
The magic dart hits you.
You die...

### ... #.# #r#
#.# #.# #.# #@#
#.# #.# #{#
############.#
#.....o......#
#.############
#.#....########
#.#.......).oo#


You could see a rat.

Vanquished Creatures
  4 adders (D:2)
  A dart slug (D:1)
  5 orcs
  2 bats (D:2)
  2 giant cockroaches
  A goblin (D:1)
  3 hobgoblins
  3 kobolds
  A frilled lizard (D:2)
  3 rats
25 creatures vanquished.

Notes
Turn   | Place    | Note
-------+----------+-------------------------------------------
     0 | D:1      | Infinimo the Mummy Earth Elementalist began the quest for
                  | the Orb.
     0 | D:1      | Reached XP level 1. HP: 13/13 MP: 4/4
   461 | D:1      | Reached XP level 2. HP: 19/19 MP: 6/6
  1176 | D:2      | Reached XP level 3. HP: 21/24 MP: 1/7
  1374 | D:2      | Found a shattered altar of Ashenzari.
  1593 | D:2      | Found a radiant altar of Vehumet.
  1796 | D:2      | You fall into a shaft and drop 1 floor!
  1877 | D:3      | Killed from afar by an orc wizard

Illustrated notes

Levels and vault maps discovered:
D:1:      shiori_arrival_elements, layout_rooms, serial_forest,
          infiniplex_forest_lined_corner, infiniplex_forest_clump_small,
          infiniplex_forest_clump_diagonal, infiniplex_forest_clump_curved,
          infiniplex_forest_clump_small, infiniplex_forest_clump_diagonal,
          infiniplex_forest_side_room, infiniplex_forest_straight_5,
          infiniplex_forest_straight_5
D:2:      layout_basic, old_standard_altar, old_standard_altar
D:3:      layout_basic, minitemple

Skill      XL: |  1  2 |
---------------+-------+-----
Spellcasting   | 3 |  3.7
Earth Magic    | 3 |  3.6
Dodging        | |  1.5
Stealth        | |  1.5
Transmutations | |  0.7

Action                   || total
-------------------------++-------
Melee: Short sword       ||   114
       Unarmed           ||     5
 Cast: Sandblast         ||    21
  Use: Scroll            ||     3
 Stab: Sleeping          ||     4
Armor: Robe              ||     4
Dodge: Dodged            ||    35

Table legend:
 A = Non-vault XP
 B = Vault XP
 C = Vault XP percentage of total XP
 D = Non-vault monster count
 E = Vault monster count
 F = Vault count percentage of total count
                 A         B        C        D         E       F
            +---------+---------+-------+---------+---------+-------
      Total |      96 |       0 |   0.0 |      25 |       0 |   0.0
            +---------+---------+-------+---------+---------+-------
        D:1 |      15 |       0 |   0.0 |       8 |       0 |   0.0
        D:2 |      73 |       0 |   0.0 |      14 |       0 |   0.0
        D:3 |       8 |       0 |   0.0 |       3 |       0 |   0.0
            +---------+---------+-------+---------+---------+-------
